 Dungeon Crawl Stone Soup version 0.30-a0-339-g89bb51ec76 (webtiles) character file.

Game seed: 8338612621311819777

709 Angani the Magician (level 7, -3/50 HPs)
             Began as a Green Draconian Hedge Wizard on Nov 1, 2022.
             Was an Initiate of Cheibriados.
             Slain by an ogre
             ... wielding a +0 giant spiked club
              (34 damage)
             ... on level 6 of the Dungeon.
             The game lasted 00:11:24 (5121 turns).

Angani the Magician (Green Draconian Hedge Wizard)  Turns: 5121, Time: 00:11:25

Health: -3/50      AC:  7    Str: 13    XL:     7   Next: 40%
Magic:  14/14      EV: 12    Int: 20    God:    Cheibriados [......]
Gold:   262        SH:  0    Dex: 11    Spells: 12/16 levels left

rFire   . . .      SeeInvis .    e - +3 dagger "Mamucka" {vorpal, Int+2}
rCold   . . .      Faith    .    (no shield)
rNeg    . . .      Spirit   .    (body armour unavailable)
rPois   +          Reflect  .    b - +0 hat
rElec   .          Harm     .    k - +0 cloak
rCorr   .          Rampage  .    (no gloves)
Will    .....                    (no boots)
Stlth   ++........               (no amulet)
HPRegen 0.28/turn                j - ring of poison resistance
MPRegen 0.14/turn                (no ring)

@: short of breath, very slow
A: breathe noxious fumes, AC +6, unfitting armour, poison resistance,
cold-blooded, claws 1, screaming 1, wild magic 1
a: Breathe Noxious Fumes, Renounce Religion


You were on level 6 of the Dungeon.
You worshipped Cheibriados.
Cheibriados was noncommittal.
You visited 2 branches of the dungeon, and saw 8 of its levels.

You collected 262 gold pieces.

Inventory:

Hand Weapons
 e - the +3 dagger "Mamucka" (weapon) {vorpal, Int+2}
   (You found it on level 4 of the Dungeon)

   It inflicts extra damage upon your enemies.
   Int:       It affects your intelligence (+2).
Armour
 b - a +0 hat (worn)
 k - a +0 cloak (worn)
Jewellery
 j - a ring of poison resistance (left claw)
 o - a ring of poison resistance
Scrolls
 a - a scroll of enchant weapon
 d - 2 scrolls of teleportation
 f - a scroll of immolation
 g - a scroll of vulnerability {unknown}
 h - a scroll of fog {unknown}
 l - a scroll of acquirement {unknown}
 n - a scroll of magic mapping
 q - a scroll of torment {unknown}
Potions
 c - a potion of magic
 i - a potion of lignification
 m - a potion of berserk rage {unknown}
 p - a potion of curing


   Skills:
 - Level 1.7 Dodging
 - Level 1.7 Stealth
 + Level 5.2 Spellcasting
 - Level 4.8 Conjurations
 - Level 1.0 Summonings
 + Level 4.6 Translocations


You had 12 spell levels left.
You knew the following spells:

 Your Spells              Type           Power      Damage    Failure   Level
a - Magic Dart            Conj           100%       1d8       3%          1
b - Gell's Gravitas       Tloc           30%        N/A       8%          3

Your spell library contained the following spells:

 Spells                   Type           Power      Damage    Failure   Level
 Blink                    Tloc           60%        N/A       4%          2
 Foxfire                  Conj/Fire      76%        2x1d7     7%          1
 Teleport Other           Tloc           30%        N/A       8%          3
 Static Discharge         Conj/Air       38%        2-4/arc   10%         2
 Sandblast                Erth           12%        2d6       17%         1
 Slow                     Hex            24%        N/A       17%         1
 Call Imp                 Summ           12%        N/A       17%         2
 Stone Arrow              Conj/Erth      38%        3d9       19%         3
 Vhi's Electric Charge    Tloc/Air       36%        N/A       19%         3
 Cigotuvi's Dreadful Rot  Necr/Pois/Air  12%        N/A       24%         2
 Passwall                 Tmut/Erth      5%         N/A       24%         2
 Mephitic Cloud           Conj/Pois/Air  15%        N/A       26%         3
 Ozocubu's Armour         Ice            6%         N/A       43%         3
 Arcjolt                  Conj/Air       9%         1d19      82%         5
 Fireball                 Conj/Fire      9%         3d6       82%         5
 Lightning Bolt           Conj/Air       9%         1d22      82%         5
 Dispersal                Tloc           15%        N/A       97%         6
 Metabolic Englaciation   Hex/Ice        3%         N/A       98%         5
 Simulacrum               Ice/Necr       3%         N/A       100%        6
 Starburst                Conj/Fire      9%         6d5       100%        6


Dungeon Overview and Level Annotations

Branches:
Dungeon (7/15)             Temple (1/1) D:7

Altars:
Ashenzari
Cheibriados
Elyvilon
Fedhas
Gozag
Hepliaklqana
Kikubaaqudgha
Makhleb
Nemelex Xobeh
Okawaru
Qazlal
Ru
Sif Muna
Trog
Uskayaw
Xom
Yredelemnul
Zin
The Shining One


Innate Abilities, Weirdness & Mutations

You can breathe blasts of noxious fumes.
Your lurid green scales are hard. (AC +6)
You cannot fit into any form of body armour.
Your system is resistant to poisons. (rPois)
You are cold-blooded and may be slowed by cold attacks.
You have sharp fingernails.
You occasionally shout uncontrollably at your foes.
Your spells are a little harder to cast, but a little more powerful.


Message History

Aiming: Magic Dart (safe; 3% risk of failure)
Press: ? - help, Q - select action, (/) - cycle Shift-Dir - straight line, f/p - hound
Aim: a hound (severely wounded, 100% to hit)
The magic dart hits the hound but does no damage.
The hound is severely wounded.
The hound bites you.
Aiming: Magic Dart (safe; 3% risk of failure)
Press: ? - help, Q - select action, (/) - cycle Shift-Dir - straight line, f/p - hound
Aim: a hound (severely wounded, 100% to hit)
The magic dart hits the hound.
The hound is almost dead.
The hound bites you but does no damage. The hound bites you.
Aiming: Magic Dart (safe; 3% risk of failure)
Press: ? - help, Q - select action, (/) - cycle Shift-Dir - straight line, f/p - hound
Aim: a hound (almost dead, 100% to hit)
The magic dart hits the hound.
You kill the hound!
Cheibriados thoroughly appreciates the change of pace.
You have got your breath back.
You start resting.
Your magical contamination has completely faded away.
Unknown command.
You start resting.
HP restored.
You start resting.
Magic restored.
You climb upwards.
The ogre hits you with a +0 giant spiked club!!
There is a stone staircase leading down, spattered with blood here.
Unknown command.
Aiming: Breathe Noxious Fumes (5% risk of failure)
Press: ? - help, Shift-Dir - straight line, f - ogre
Aim: an ogre, wielding a +0 giant spiked club (lightly wounded, 81% to hit)
You exhale a blast of noxious fumes.
The blast of choking fumes engulfs the ogre.
The ogre is moderately wounded.
The ogre is engulfed in noxious fumes.
The ogre hits you with a +0 giant spiked club!!
Ouch! That really hurt!
You die...

.########
......O.#
#@# #.#
#.# #.#
#.# #.#
#.# #.#
#.#


You could see an ogre.

Vanquished Creatures
  A black bear (D:5)
  An ogre (D:5)
  2 phantoms
  2 bullfrogs (D:7)
  A howler monkey (D:5)
  2 hounds
  An iguana (D:6)
  A hound zombie (D:3)
  5 adders
  An adder zombie (D:3)
  2 dart slugs
  5 orcs
  5 ball pythons
  4 bats
  10 endoplasms
  3 giant cockroaches
  3 goblins
  3 hobgoblins
  4 jackals (D:1)
  6 kobolds
  3 quokkas
  3 frilled lizards
  A giant cockroach zombie (D:3)
  6 rats
75 creatures vanquished.

Vanquished Creatures (others)
  A human (D:4)
1 creature vanquished.

Grand Total: 76 creatures vanquished

Notes
Turn   | Place    | Note
-------+----------+-------------------------------------------
     0 | D:1      | Angani the Draconian Hedge Wizard began the quest for the
                  | Orb.
     0 | D:1      | Reached XP level 1. HP: 14/14 MP: 4/4
   366 | D:1      | Reached XP level 2. HP: 20/20 MP: 1/6
   484 | D:1      | Gained mutation: You occasionally shout uncontrollably at
                  | your foes. [potion of mutation]
   484 | D:1      | Gained mutation: You have hidden genetic potential. [potion
                  | of mutation]
  1411 | D:2      | Found a shimmering altar of Xom.
  1516 | D:2      | Reached XP level 3. HP: 26/26 MP: 4/7
  1518 | D:2      | Gained mutation: You have sharp fingernails. [hidden
                  | potential]
  1938 | D:2      | Learned a level 3 spell: Gell's Gravitas
  2539 | D:3      | Found a basalt altar of Yredelemnul.
  2551 | D:3      | Reached XP level 4. HP: 25/33 MP: 8/8
  2578 | D:3      | Gained mutation: Your spells are a little harder to cast,
                  | but a little more powerful. [hidden potential]
  2578 | D:3      | Lost mutation: You have hidden genetic potential. [hidden
                  | potential expressed]
  2985 | D:4      | Identified the +1 ring mail of the Fife {rF- rC+ Regen+
                  | Dex+4}
  3249 | D:4      | Identified the +3 dagger "Mamucka" {vorpal, Int+2}
  3311 | D:4      | Noticed a phantom
  3318 | D:4      | Killed a phantom
  3319 | D:4      | Reached XP level 5. HP: 36/38 MP: 1/10
  3445 | D:4      | Found an ancient bone altar of Kikubaaqudgha.
  3450 | D:4      | Noticed a human
  3452 | D:4      | Killed a human
  3842 | D:5      | Entered Level 5 of the Dungeon
  3884 | D:5      | Reached XP level 6. HP: 31/45 MP: 1/11
  3981 | D:5      | Reached skill level 4 in Spellcasting
  4398 | D:6      | Noticed a sky beast
  4438 | D:7      | Found a staircase to the Ecumenical Temple.
  4447 | Temple   | Entered the Ecumenical Temple
  4745 | Temple   | Became a worshipper of Cheibriados the Contemplative
  4852 | D:7      | Your scales start taking on a lurid green colour.
  4852 | D:7      | Reached XP level 7. HP: 33/50 MP: 1/14
  4852 | D:7      | Gained mutation: Your system is resistant to poisons.
                  | (rPois) [Green Draconian growth]
  4904 | D:7      | Reached skill level 5 in Spellcasting
  5121 | D:6      | Slain by an ogre

Illustrated notes

Levels and vault maps discovered:
D:1:      mrwooster_arrival_statue, layout_loops_corners,
          chequers_hall_statues_corner_a, solitary_fountain
D:2:      layout_basic, basic_altar
D:3:      layout_basic, nicolae_yredelemnul_corpse_copse
D:4:      layout_basic, tgw_kikubaaqudgha
D:5:      layout_basic, old_standard_altar
D:6:      layout_loops_ring, bh_walls_and_bars
D:7:      layout_basic, minmay_temple_entry_waves
Temple:   minmay_temple_bridge_d

Skill      XL: |  1  2  3  4  5  6  7 |
---------------+----------------------+-----
Conjurations   | 2 3 4 |  4.8
Translocations | 2 4 |  4.6
Spellcasting   | 4 5 |  5.2
Dodging        | |  1.7
Stealth        | |  1.7
Summonings     | |  1.0

Action                   |  1- 3 |  4- 6 |  7- 9 || total
-------------------------+-------+-------+-------++-------
Melee: Dagger            |    36 |    22 |       ||    58
       Tailslap          |     3 |     2 |       ||     5
Throw: Throwing net      |       |     1 |       ||     1
 Cast: Magic Dart        |   101 |    99 |    21 ||   221
 Abil: Breathe Noxious F |       |       |     3 ||     3
  Use: Potion            |     2 |       |       ||     2
       Scroll            |       |     8 |       ||     8
Armor: Skin              |    16 |    28 |    10 ||    54
Dodge: Dodged            |    38 |    32 |     4 ||    74

Table legend: (Time is in decaauts)
 A = Elapsed time spent in this place.
 B = Non-inter-level travel time spent in this place.
 C = Inter-level travel time spent in this place.
 D = Time resting spent in this place.
 E = Time spent auto-exploring this place.
 F = Levels seen in this place.
 G = Mean time per level.
                   A        B        C        D        E       F      G
               +--------+--------+--------+--------+--------+-----+--------+
         Total |   5149 |   4900 |    249 |   1232 |   3099 |   8 |  643.6 |
       Dungeon |   4757 |   4675 |     82 |   1232 |   2886 |   7 |  679.6 |
        Temple |    392 |    225 |    167 |      0 |    213 |   1 |  392.0 |
               +--------+--------+--------+--------+--------+-----+--------+

Top non-repeatable levels by time:
     D:1: 1216 daAuts
     D:3: 973 daAuts
     D:4: 928 daAuts
     D:2: 721 daAuts
     D:5: 548 daAuts
  Temple: 392 daAuts
     D:7: 345 daAuts
     D:6: 22 daAuts
